 Dungeon Crawl Stone Soup version 0.18.1-48-g4cf74bf (webtiles) character file.

77 Jonno22 the Covered (level 4, 0/35 HPs)
             Began as a Human Fighter on Aug 19, 2016.
             Succumbed to an adder's poison
             ... on level 4 of the Dungeon.
             The game lasted 00:21:51 (2156 turns).

Jonno22 the Covered (Human Fighter)                 Turns: 2156, Time: 00:21:51

Health: 0/35       AC: 12    Str: 14 (17) XL:     4   Next: 58%
Magic:  4/4        EV:  4    Int:  6 (9)  God:
Gold:   142        SH:  8    Dex: 11 (12) Spells: 0 memorised, 3 levels left

rFire  . . .     SeeInvis .     z - +0 falchion
rCold  . . .     Gourm    .     q - +0 chain mail
rNeg   . . .     Faith    .     c - +0 shield
rPois  .         Spirit   .     j - +0 helmet
rElec  .         Dismiss  .     (no cloak)
rCorr  .         Reflect  .     (no gloves)
SustAt .         Harm     .     F - +1 pair of boots
MR     .....                    (no amulet)
Stlth  ..........               (no ring)
                                (no ring)

@: lethally poisoned (0 -> -1), not resistant to hostile enchantments, extremely
unstealthy
A: no striking features
a: no special abilities


You were on level 4 of the Dungeon.
You were not hungry.

You visited 1 branch of the dungeon, and saw 4 of its levels.

You collected 142 gold pieces.

Inventory:

Hand Weapons
 a - a +0 long sword
 i - a +0 club
 l - a +0 whip
 s - a +0 whip
 t - a +0 dagger
 y - a +0 club
 z - a +0 falchion (weapon)
 C - a +0 dagger
 D - a cursed +0 club
Missiles
 e - 74 stones (quivered)
 g - 20 sling bullets
 m - 66 arrows
 A - 17 bolts
 G - 5 javelins
 H - 5 tomahawks
Armour
 b - a +0 scale mail
 c - a +0 shield (worn)
 j - a +0 helmet (worn)
 n - a +0 robe
 o - a +0 robe
 p - a +0 ring mail
 q - a +0 chain mail (worn)
 u - a +0 leather armour
 B - a +0 leather armour
 F - a +1 pair of boots (worn)
Jewellery
 v - a cursed amulet of magic regeneration
Scrolls
 w - 3 scrolls of teleportation
Potions
 d - 3 potions of might
Comestibles
 f - 3 bread rations
 r - a beef jerky


   Skills:
 + Level 3.2 Fighting
 + Level 2.4 Long Blades
 + Level 3.8 Armour
 + Level 0.8 Dodging
 + Level 3.7 Shields


You had 3 spell levels left.
You didn't know any spells.

Dungeon Overview and Level Annotations

Branches:
Dungeon (4/15)
 Temple: D:4-7

Altars:
Pakellas

Annotations:
D:3 Grinder
D:4 tschems's ghost, amateur HuBe


Message History

You feel sick. The adder bites you.
* * * LOW HITPOINT WARNING * * *
Grinder hits you but does no damage. The adder bites you but does no damage.
Grinder blinks!
The adder bites you but does no damage.
You can move again.
The adder bites you.
* * * LOW HITPOINT WARNING * * *
Grinder blinks!
You block the adder's attack.
* * * LOW HITPOINT WARNING * * *
You feel sick. The adder barely misses you.
There is an escape hatch in the floor here.
The adder bites you but does no damage.
You slide downwards.
The hatch slams shut behind you.
Tschems's ghost (amateur Human Berserker) comes into view.
Tschems's ghost turns its malevolent gaze towards you.
You see here 8 gold pieces.
You can't go up here!
You can't go down here!
You die...

#### #@.+
#.## #S#
#........
####.....
.... ...
W. .


You could see an adder.

Vanquished Creatures
  An adder (D:2)
  A shadow imp (D:3)
  3 oozes
  A worm (D:2)
  2 giant geckos
  An orc (D:3)
  A ball python (D:2)
  A giant cockroach (D:1)
  5 goblins
  A hobgoblin (D:2)
  4 jackals (D:2)
  A quokka (D:2)
  6 bats
  2 giant newts
  A kobold (D:1)
  10 rats
41 creatures vanquished.

Notes
Turn   | Place    | Note
--------------------------------------------------------------
     0 | D:1      | Jonno22 the Human Fighter began the quest for the Orb.
     0 | D:1      | Reached XP level 1. HP: 18/18 MP: 1/1
   287 | D:1      | Reached XP level 2. HP: 23/24 MP: 2/2
   645 | D:1      | Reached XP level 3. HP: 27/29 MP: 3/3
  1379 | D:2      | Reached XP level 4. HP: 33/35 MP: 4/4
  1932 | D:3      | Found an oddly glowing altar of Pakellas.
  2118 | D:3      | Noticed Grinder
  2118 | D:3      | Paralysed by Grinder for 4 turns
  2144 | D:3      | Paralysed by Grinder for 6 turns
  2152 | D:3      | HP: 1/35 [poisoned by an adder]
  2154 | D:4      | Noticed tschems's ghost (amateur HuBe)
  2156 | D:4      | Succumbed to an adder's poison

Action                   |  1- 3 |  4- 6 || total
-------------------------+-------+-------++-------
Melee: Long sword        |    96 |    28 ||   124
       Falchion          |       |    38 ||    38
  Use: Scroll            |     6 |     4 ||    10
       Potion            |       |     3 ||     3
  Eat: Chunk             |     1 |       ||     1
       Meat ration       |       |     1 ||     1
Armor: Scale mail        |    28 |       ||    28
       Chain mail        |    54 |    99 ||   153
Dodge: Dodged            |    34 |    30 ||    64
Block: Shield            |    63 |    82 ||   145
